 Dungeon Crawl Stone Soup version 0.29-a0-338-g1ff7896281 (webtiles) character file.

Game seed: 6431949467832205737

2 Jortsu the Shield-Bearer (level 1, 0/22 HPs)
             Began as a Troll Fighter on Apr 19, 2022.
             Slain by a hobgoblin (3 damage)
             ... on level 1 of the Dungeon.
             The game lasted 00:00:12 (164 turns).

Jortsu the Shield-Bearer (Troll Fighter)             Turns: 164, Time: 00:00:12

Health: 0/22       AC:  4    Str: 23    XL:     1   Next: 33%
Magic:  0/0        EV:  8    Int:  4    God:
Gold:   0          SH:  7    Dex:  9    Spells: 0/0 levels left

rFire   . . .      SeeInvis .   a - +0 flail
rCold   . . .      Faith    .   c - +0 kite shield
rNeg    . . .      Spirit   .   b - +0 robe
rPois   .          Reflect  .   (helmet restricted)
rElec   .          Harm     .   (no cloak)
rCorr   .          Rampage  .   (gloves unavailable)
Will    .....                   (boots unavailable)
Stlth   +.........              (no amulet)
HPRegen 0.87/turn               (no ring)
MPRegen 0.07/turn               (no ring)

@: no status effects
A: large, unfitting armour, claws 3, regeneration 1, shaggy fur 1, tough skin 1
a: no special abilities


You were on level 1 of the Dungeon.
You visited 1 branch of the dungeon, and saw 1 of its levels.

Inventory:

Hand Weapons
 a - a +0 flail (weapon)
Armour
 b - a +0 robe (worn)
 c - a +0 kite shield (worn)
Scrolls
 e - a scroll of teleportation {unknown}
Potions
 d - a potion of might
 f - a potion of curing {unknown}


   Skills:
 + Level 2.4 Fighting
 + Level 1.7 Maces & Flails
 + Level 2.4 Dodging
 + Level 2.5 Shields


You couldn't memorise any spells.
You didn't know any spells.
Your spell library contained the following spells:

 Spells                   Type           Power      Damage    Failure   Level
 Scorch                   Fire           0%         2d5       91%         2
 Flame Wave               Conj/Fire      0%         2d4       100%        4
 Summon Cactus Giant      Summ           0%         N/A       100%        6


Dungeon Overview and Level Annotations

Branches:
Dungeon (1/15)

Altars:


Innate Abilities, Weirdness & Mutations

You are too large for most types of armour.
You have claws for hands.
Your natural rate of healing is unusually fast.
You are covered in fur. (AC +1)
You have tough skin. (AC +1)


Message History

You closely miss the ball python. The ball python bites you.
You block the ball python's attack.
You closely miss the ball python. You block the ball python's attack.
The ball python bites you.
You closely miss the ball python. The ball python bites you.
The endoplasm freezes you.
You are frozen.
The ball python barely misses you.
You closely miss the ball python. The hobgoblin barely misses you.
You block the endoplasm's attack. The ball python bites you.
The hobgoblin hits you. The endoplasm freezes you.
You are frozen.
You closely miss the ball python. You block the ball python's attack.
The hobgoblin hits you. You block the ball python's attack.
The endoplasm freezes you.
You are frozen.
You barely miss the ball python. You block the ball python's attack.
You block the hobgoblin's attack. The endoplasm freezes you.
You are frozen.
The ball python bites you but does no damage.
The hobgoblin closely misses you.
You barely miss the ball python. The endoplasm hits you.
The ball python closely misses you. The hobgoblin barely misses you.
You block the endoplasm's attack.
You sock the ball python!
You kill the ball python!
You block the hobgoblin's attack.
The endoplasm hits you but does no damage.
The endoplasm freezes you.
You are frozen.
* * * LOW HITPOINT WARNING * * *
You hit the hobgoblin.
The hobgoblin is severely wounded.
The hobgoblin misses you. The endoplasm freezes you.
You are frozen.
* * * LOW HITPOINT WARNING * * *
The hobgoblin hits you.
You die...

... #..........
#.. #..........
##.###.$.......
#............. .
#........##.###..
#................
#.......J........
#.......@g.......
#.......##.......
##..###.≈≈P......
##.# .P≈≈≈≈.....
#.##..≈J≈♣.....
#.##.##........
#..#. ........
##.## ####...(
#.#


You could see an endoplasm and a hobgoblin.

Vanquished Creatures
  2 ball pythons (D:1)
  A kobold (D:1)
3 creatures vanquished.

Notes
Turn   | Place    | Note
-------+----------+-------------------------------------------
     0 | D:1      | Jortsu the Troll Fighter began the quest for the Orb.
     0 | D:1      | Reached XP level 1. HP: 22/22 MP: 0/0
   164 | D:1      | Slain by a hobgoblin

Illustrated notes

Levels and vault maps discovered:
D:1:      dpeg_arrival_chambers_temple_mockup, layout_rooms,
          serial_bayou_pond_e, kennysheep_another_room,
          chequers_serial_rivers_micro_b

Action                   || total
-------------------------++-------
Melee: Flail             ||    14
 Stab: Sleeping          ||     1
Armor: Robe              ||     2
Dodge: Dodged            ||     8
Block: Kite shield       ||    12

Table legend: (Time is in decaauts)
 A = Elapsed time spent in this place.
 B = Non-inter-level travel time spent in this place.
 C = Inter-level travel time spent in this place.
 D = Time resting spent in this place.
 E = Time spent auto-exploring this place.
 F = Levels seen in this place.
 G = Mean time per level.
                   A        B        C        D        E       F      G
               +--------+--------+--------+--------+--------+-----+--------+
         Total |    169 |    169 |      0 |      0 |    131 |   1 |  169.0 |
       Dungeon |    169 |    169 |      0 |      0 |    131 |   1 |  169.0 |
               +--------+--------+--------+--------+--------+-----+--------+

Top non-repeatable levels by time:
     D:1: 169 daAuts
